[Event "Titled Tuesday Blitz November 14 Early 2023"]
[White "Ismayilova, Khanim"]
[Black "Akylbekov, Nasyr"]
[WhiteFideId "13429019"]
[BlackFideId "13800353"]
[WhiteElo "2150"]
[BlackElo "2468"]
[Result "0-1"]
[Round "2"]
[TimeControl "180+1"]
[Date "2023.11.14"]
[WhiteClock "0:00:12"]
[BlackClock "0:02:08"]
[Board "220"]

1. e4 e5 2. Nf3 f6 3. Nxe5 fxe5 4. Qh5+ Ke7 5. Qxe5+ Kf7 6. Bc4+ d5 7. Bxd5+ Kg6 8. h4 h6 9. g3 Nf6 10. h5+ Kh7 11. Bf7 Rg8 12. d3 Nc6 13. Qf4 Bd6 14. Bxg8+ Kxg8 15. Qf3 Bg4 16. Qg2 Nd4 17. f4 Bf3 18. Qf2 Bxh1 19. Be3 Nf3+ 20. Kd1 Ng4 21. Qe2 Nxe3+ 22. Qxe3 Qe8 23. Nc3 Qxh5 24. Kc1 c5 25. Nd5 Nd4 26. e5 Qh2 27. exd6 Qxc2# 0-1


[Site "https://www.chess.com"]

[Event "Titled Tuesday Blitz November 14 Early 2023"]
[White "Yurasova, Daria"]
[Black "Dahlgren, James Allen"]
[WhiteFideId "34146919"]
[BlackFideId "22256873"]
[WhiteElo "2468"]
[BlackElo "2135"]
[Result "1-0"]
[Round "2"]
[TimeControl "180+1"]
[Date "2023.11.14"]
[WhiteClock "0:00:14"]
[BlackClock "0:00:00"]
[Board "221"]

1. d4 e6 2. e4 c5 3. c3 d5 4. e5 Qb6 5. Bd3 Bd7 6. Ne2 Bb5 7. O-O Bxd3 8. Qxd3 Nc6 9. Bg5 h6 10. Be3 Qxb2 11. Nd2 c4 12. Qb1 Qxb1 13. Raxb1 O-O-O 14. f4 Nge7 15. g4 h5 16. f5 hxg4 17. fxe6 fxe6 18. Bg5 Rd7 19. Nf4 Nd8 20. Rf2 a6 21. Rbf1 b5 22. a4 Kc7 23. axb5 axb5 24. Ra1 Kb6 25. Ra8 Kb7 26. Rxd8 Rxd8 27. Nxe6 Re8 28. Nxf8 Rhxf8 29. Rxf8 Rxf8 30. Bxe7 Ra8 31. Bb4 Ra2 32. Nf1 Kc6 33. Ne3 Kd7 34. Nxd5 Ke6 35. Ne3 Rb2 36. Nxg4 Kf5 37. Ne3+ Ke4 38. e6 Kxe3 39. e7 Kf3 40. h4 Re2 41. d5 Kg3 42. Kf1 Re5 43. d6 Rf5+ 44. Ke2 Re5+ 45. Kd2 1-0


[Site "https://www.chess.com"]

[Event "Titled Tuesday Blitz November 14 Early 2023"]
[White "Berezin, Viktor"]
[Black "Wahlund, Max"]
[WhiteFideId "14107872"]
[BlackFideId "1741861"]
[WhiteElo "2468"]
[BlackElo "2134"]
[Result "1-0"]
[Round "2"]
[TimeControl "180+1"]
[Date "2023.11.14"]
[WhiteClock "0:00:24"]
[BlackClock "0:00:29"]
[Board "222"]

1. Nf3 Nf6 2. c4 g6 3. g3 Bg7 4. Bg2 O-O 5. O-O c5 6. Nc3 d6 7. Rb1 Nc6 8. a3 a5 9. b3 e5 10. Bb2 Be6 11. d3 Qc8 12. Re1 Bh3 13. Bh1 Nd4 14. e3 Nxf3+ 15. Qxf3 Bg4 16. Qxb7 Qxb7 17. Bxb7 Rab8 18. Bg2 Rxb3 19. Ba1 Rfb8 20. Rxb3 Rxb3 21. Rb1 Rxb1+ 22. Nxb1 Be2 23. Bf1 Bxf1 24. Kxf1 Ne8 25. Bc3 a4 26. Ba5 f5 27. Nc3 e4 28. Nxa4 exd3 29. Ke1 Nf6 30. f3 Nd7 31. Nb2 Ne5 32. Kd1 Nxf3 33. Nxd3 Nxh2 34. Bc7 Ng4 35. Ke2 Ne5 36. Nxe5 Bxe5 37. a4 Bc3 38. Kd3 Bb4 39. a5 Bxa5 40. Bxa5 Kf7 41. e4 Ke6 42. Ke3 h5 43. Bd8 Ke5 44. exf5 Kxf5 45. Bc7 Ke5 46. Kf3 Kd4 47. Bxd6 Kxc4 48. Kf4 Kd4 49. Bxc5+ Kxc5 50. Kg5 Kd6 51. Kxg6 h4 52. gxh4 Ke7 53. Kg7 1-0


[Site "https://www.chess.com"]

[Event "Titled Tuesday Blitz November 14 Early 2023"]
[White "Petersson, Kjell"]
[Black "Aash20"]
[WhiteFideId "1705148"]
[WhiteElo "2131"]
[BlackElo "2467"]
[Result "0-1"]
[Round "2"]
[TimeControl "180+1"]
[Date "2023.11.14"]
[WhiteClock "0:00:05"]
[BlackClock "0:00:33"]
[Board "223"]

1. d4 d5 2. Bf4 Nf6 3. e3 c5 4. Nd2 Nc6 5. c3 Qb6 6. Qb3 c4 7. Qc2 Bg4 8. e4 e6 9. f3 Bh5 10. g4 Bg6 11. h4 h5 12. g5 Nd7 13. Bg2 Be7 14. Nh3 O-O-O 15. O-O dxe4 16. fxe4 e5 17. Be3 exd4 18. cxd4 Kb8 19. Qxc4 Nde5 20. Qb3 Nxd4 21. Qxb6 axb6 22. Bf4 Ne2+ 23. Kh1 Nxf4 24. Nxf4 Rxd2 25. Nd5 Bc5 26. b4 Bd4 27. Rad1 Rxd1 28. Rxd1 Bb2 29. Rb1 Nc4 30. Nf4 Be5 31. Nd5 Rd8 32. Rc1 b5 33. a4 Nd6 34. axb5 Nxb5 35. Rc5 Nd4 36. Nb6 Bg3 37. Nd5 Bxh4 38. Nc3 Rc8 39. e5 Rxc5 40. bxc5 Bxg5 41. Nd5 Ne6 42. c6 bxc6 43. Nb4 c5 44. Nc6+ Kc7 45. Na5 Bd3 46. Nb3 c4 47. Nc1 Bxc1 0-1


[Site "https://www.chess.com"]

[Event "Titled Tuesday Blitz November 14 Early 2023"]
[White "Domingo Nunez, Alejandro"]
[Black "DonCiao"]
[WhiteFideId "22245561"]
[WhiteElo "2466"]
[BlackElo "2129"]
[Result "1-0"]
[Round "2"]
[TimeControl "180+1"]
[Date "2023.11.14"]
[WhiteClock "0:00:35"]
[BlackClock "0:00:00"]
[Board "224"]

1. Nf3 g6 2. e4 Bg7 3. d4 d6 4. h3 c6 5. Bd3 b5 6. O-O Nd7 7. Re1 e5 8. a4 b4 9. dxe5 dxe5 10. Nbd2 Qe7 11. Nc4 Ngf6 12. Bd2 O-O 13. a5 Ne8 14. Ra4 Rb8 15. Bf1 Ba6 16. Ncxe5 Nxe5 17. Bxa6 Nxf3+ 18. Qxf3 Bxb2 19. Rb1 Nc7 20. Bc4 Ba3 21. Bh6 Rfe8 22. h4 Nb5 23. Bg5 Qf8 24. Bf6 Nd6 25. Bd3 c5 26. e5 Nb5 27. Bxb5 Rxb5 28. Rxa3 bxa3 29. Rxb5 a2 30. Qa3 Rb8 31. Rxb8 Qxb8 32. Qxa2 Qb4 33. Qb3 1-0


[Site "https://www.chess.com"]

[Event "Titled Tuesday Blitz November 14 Early 2023"]
[White "Rengifo Blancas, Renzo Jhonathan"]
[Black "Fernandez Hernandez, Gerardo"]
[WhiteFideId "3807185"]
[BlackFideId "2207400"]
[WhiteElo "2464"]
[BlackElo "2122"]
[Result "1-0"]
[Round "2"]
[TimeControl "180+1"]
[Date "2023.11.14"]
[WhiteClock "0:00:11"]
[BlackClock "0:00:00"]
[Board "225"]

1. e4 e6 2. d4 d5 3. Nc3 Nc6 4. exd5 exd5 5. Nf3 Nf6 6. Bd3 Bb4 7. O-O O-O 8. Ne5 Nxd4 9. Bg5 Bxc3 10. bxc3 Nc6 11. f4 Qd6 12. Qf3 Nxe5 13. fxe5 Qxe5 14. Bxf6 Qxf6 15. Qxf6 gxf6 16. Rxf6 Kg7 17. Raf1 Be6 18. R6f4 Rg8 19. Rh4 h6 20. Rh5 c5 21. Bf5 Rae8 22. Rf3 b6 23. Rg3+ Kf6 24. Bxe6 fxe6 25. Rxh6+ Ke5 26. Re3+ Kd6 27. h4 Rg4 28. h5 Kd7 29. Rf6 Re7 30. h6 Rh4 31. g3 Rh5 32. g4 Rh4 33. Rg3 Rh7 34. g5 Ke7 35. Rf2 Re4 36. g6 Rxh6 37. g7 1-0


[Site "https://www.chess.com"]

[Event "Titled Tuesday Blitz November 14 Early 2023"]
[White "vovasev"]
[Black "arenal72"]
[WhiteElo "2122"]
[BlackElo "2463"]
[Result "0-1"]
[Round "2"]
[TimeControl "180+1"]
[Date "2023.11.14"]
[WhiteClock "0:00:56"]
[BlackClock "0:00:23"]
[Board "226"]

1. e4 Nc6 2. Nf3 d6 3. Bb5 g6 4. c3 Nf6 5. d3 Bg7 6. O-O O-O 7. h3 e5 8. Nbd2 h6 9. Bxc6 bxc6 10. d4 exd4 11. Nxd4 c5 12. Nc2 Ba6 13. Re1 Re8 14. f3 Bd3 15. Nf1 Bxf1 16. Rxf1 Rb8 17. Ne3 Nd7 18. Qc2 a5 19. Bd2 h5 20. Rab1 Qc8 21. c4 Qa6 22. Bc3 Bd4 23. Bxd4 cxd4 24. Nd5 Rbc8 25. b3 c6 26. Nf4 Qb6 27. Nd3 Ne5 28. Rfd1 Qd8 29. Nf4 Qh4 30. Ne2 d3 31. Rxd3 Nxd3 32. Qxd3 d5 33. cxd5 cxd5 34. Qxd5 Rc2 35. Qd3 Rxa2 36. Rf1 Rd8 37. Qc4 Rdd2 38. Qc8+ Kh7 39. Qc7 Qf6 40. Rf2 Rxe2 41. Rxe2 Rxe2 42. Qc5 Qb2 43. Qg5 f6 44. Qg3 g5 45. h4 Qc1+ 46. Kh2 Qf4 47. hxg5 Qxg3+ 48. Kxg3 fxg5 0-1


[Site "https://www.chess.com"]

[Event "Titled Tuesday Blitz November 14 Early 2023"]
[White "Ghosh, Chanchal Kumer"]
[Black "Devaev, Alexander"]
[WhiteFideId "10201858"]
[BlackFideId "4169395"]
[WhiteElo "2114"]
[BlackElo "2458"]
[Result "0-1"]
[Round "2"]
[TimeControl "180+1"]
[Date "2023.11.14"]
[WhiteClock "0:00:00"]
[BlackClock "0:01:49"]
[Board "227"]

1. e4 c6 2. Nf3 d5 3. Nc3 Nf6 4. e5 Ne4 5. d3 Nxc3 6. bxc3 Bg4 7. Be2 e6 8. O-O Be7 9. h3 Bxf3 10. Bxf3 Nd7 11. Re1 O-O 12. d4 Rc8 13. Rb1 b6 14. Qe2 c5 15. Ba3 cxd4 16. Bxe7 Qxe7 17. cxd4 Rc4 18. Red1 Rfc8 19. Rd2 Qa3 20. Bh5 g6 21. Bg4 Qxa2 22. Rb3 Rxc2 23. Rxc2 Qxc2 24. Qb5 Qc1+ 25. Kh2 Qf4+ 26. Rg3 Rc7 27. Be2 Qxd4 28. Qb3 Qxe5 29. Bb5 Nc5 30. Qa3 Ne4 31. Qe3 Rc3 0-1


[Site "https://www.chess.com"]

[Event "Titled Tuesday Blitz November 14 Early 2023"]
[White "UNSTOPPABLE_LEGEND"]
[Black "Suduvasachmatai"]
[WhiteElo "2458"]
[BlackElo "2113"]
[Result "1-0"]
[Round "2"]
[TimeControl "180+1"]
[Date "2023.11.14"]
[WhiteClock "0:00:33"]
[BlackClock "0:00:31"]
[Board "228"]

1. e4 c5 2. Nf3 d6 3. d4 cxd4 4. Nxd4 Nf6 5. Nc3 a6 6. h3 e6 7. g4 Be7 8. Bg2 O-O 9. g5 Nfd7 10. h4 Nc6 11. Be3 f6 12. Nxe6 Qa5 13. Nxf8 Nxf8 14. Qd5+ Qxd5 15. Nxd5 fxg5 16. hxg5 Be6 17. Nc7 Rc8 18. Nxe6 Nxe6 19. Bh3 Kf7 20. Bxe6+ Kxe6 21. Rxh7 Ne5 22. O-O-O Ng4 23. Rxg7 Rf8 24. g6 Nxf2 25. Bxf2 Rxf2 26. Rg1 Rf8 27. Rf7 Rg8 28. Kd2 b5 29. Kd3 Bf6 30. Rxf6+ Kxf6 31. g7 Rxg7 32. Rxg7 Kxg7 33. Kd4 Kf6 34. Kd5 Ke7 35. a3 Kd7 36. b3 a5 37. c4 a4 38. bxa4 bxa4 39. e5 dxe5 40. Kxe5 Kc6 41. Kd4 Kd6 42. Kd3 Kc5 43. Kc3 Kb6 44. Kb4 Kc6 45. Kxa4 Kc5 46. Kb3 Kc6 47. a4 Kc5 48. a5 Kc6 49. Kb4 Kb7 50. c5 Ka6 51. c6 Ka7 52. Kb5 Kb8 53. Kb6 Ka8 54. a6 Kb8 55. c7+ Kc8 56. a7 Kd7 57. a8=Q 1-0


[Site "https://www.chess.com"]

[Event "Titled Tuesday Blitz November 14 Early 2023"]
[White "Smirnov, Timofey"]
[Black "Kashtanov, Ruslan"]
[WhiteFideId "24176427"]
[BlackFideId "4124871"]
[WhiteElo "2091"]
[BlackElo "2449"]
[Result "0-1"]
[Round "2"]
[TimeControl "180+1"]
[Date "2023.11.14"]
[WhiteClock "0:00:00"]
[BlackClock "0:00:08"]
[Board "229"]

1. d4 Nf6 2. Bf4 d5 3. e3 c5 4. c3 Nc6 5. Nd2 Bf5 6. Qb3 Qc8 7. Ngf3 e6 8. Bb5 Nd7 9. O-O Be7 10. h3 O-O 11. Bxc6 bxc6 12. Ne5 Nxe5 13. Bxe5 cxd4 14. exd4 c5 15. Nf3 Be4 16. Qd1 Qb7 17. Qe2 Rac8 18. dxc5 Rxc5 19. Nd4 Qd7 20. Rfd1 Bg6 21. Nb3 Rcc8 22. Nd4 f6 23. Bh2 e5 24. Nb3 Rfd8 25. Rac1 Qa4 26. Ra1 Qc4 27. Qxc4 dxc4 28. Rxd8+ Bxd8 29. Nd2 Bd3 30. f4 e4 31. Kf2 Bb6+ 32. Ke1 f5 33. g4 g6 34. Bg3 Kf7 35. Nf1 Ke6 36. Bf2 fxg4 37. hxg4 h5 38. gxh5 gxh5 39. Ne3 Rg8 40. f5+ Ke5 41. Kd2 Kf4 42. Rg1 Rxg1 43. Bxg1 Ke5 44. Bh2+ Kf6 45. Nd5+ Kxf5 46. Nxb6 axb6 47. a4 h4 48. Bc7 h3 49. Ke1 Kg4 50. Kf2 Kh4 51. Bxb6 Bc2 52. a5 Ba4 53. Bc7 Bc6 54. a6 Kg4 55. Bh2 Bb5 56. a7 Bc6 57. Ke3 Ba8 0-1


[Site "https://www.chess.com"]

[Event "Titled Tuesday Blitz November 14 Early 2023"]
[White "Nikulina, Alena"]
[Black "Mikhalsky, Vladimir"]
[WhiteFideId "4172051"]
[BlackFideId "14144352"]
[WhiteElo "2062"]
[BlackElo "2448"]
[Result "0-1"]
[Round "2"]
[TimeControl "180+1"]
[Date "2023.11.14"]
[WhiteClock "0:00:00"]
[BlackClock "0:00:39"]
[Board "230"]

1. e4 g6 2. d4 Bg7 3. Nc3 d6 4. Bg5 h6 5. Be3 Nf6 6. Nf3 Ng4 7. Qd2 Nc6 8. h3 Nxe3 9. Qxe3 e5 10. d5 Nd4 11. O-O-O c6 12. Kb1 f5 13. dxc6 bxc6 14. exf5 Nxf5 15. Qe4 d5 16. Qg4 Qf6 0-1


[Site "https://www.chess.com"]

[Event "Titled Tuesday Blitz November 14 Early 2023"]
[White "Makaraci, Tunahan"]
[Black "Winkels, Marcel"]
[WhiteFideId "6356559"]
[BlackFideId "1003887"]
[WhiteElo "2448"]
[BlackElo "2058"]
[Result "1-0"]
[Round "2"]
[TimeControl "180+1"]
[Date "2023.11.14"]
[WhiteClock "0:00:40"]
[BlackClock "0:00:00"]
[Board "231"]

1. e4 c5 2. c3 Nf6 3. e5 Nd5 4. Nf3 Nc6 5. Bc4 Nb6 6. Bb3 e6 7. O-O d6 8. exd6 Qxd6 9. d4 Be7 10. Be3 c4 11. Bc2 Nd5 12. Qe2 b5 13. a4 Rb8 14. axb5 Rxb5 15. Nbd2 O-O 16. Nxc4 Qc7 17. Rfb1 Bd7 18. Nce5 Rfb8 19. Nxd7 Qxd7 20. c4 Nxe3 21. cxb5 Nxc2 22. bxc6 Qxc6 23. Rc1 Rxb2 24. Ne1 Qc3 25. Rxc2 Rxc2 26. Nxc2 g6 27. g3 a5 28. Ra4 Qb3 29. Qc4 Qb1+ 30. Kg2 Qb7+ 31. f3 Bb4 32. Nxb4 axb4 33. Rxb4 Qa7 34. Qe2 Qa5 35. Rb8+ Kg7 36. Qe5+ Qxe5 37. dxe5 g5 38. f4 g4 39. Rb7 Kg6 40. Kf2 h5 41. Ke3 Kg7 42. Ke4 Kg6 43. Rc7 h4 44. gxh4 Kg7 45. f5 1-0


[Site "https://www.chess.com"]

[Event "Titled Tuesday Blitz November 14 Early 2023"]
[White "Pasmendjambvirgulptipon98"]
[Black "Estrada Nieto, Julian"]
[BlackFideId "5101018"]
[WhiteElo "2047"]
[BlackElo "2448"]
[Result "0-1"]
[Round "2"]
[TimeControl "180+1"]
[Date "2023.11.14"]
[WhiteClock "0:00:01"]
[BlackClock "0:01:02"]
[Board "232"]

1. Nf3 d5 2. g3 Nf6 3. Bg2 Bf5 4. O-O e6 5. d3 Be7 6. Nbd2 O-O 7. Re1 h6 8. e4 Bh7 9. Qe2 Nbd7 10. b3 c6 11. Bb2 a5 12. a4 Qb6 13. Rad1 Bb4 14. c3 Be7 15. c4 dxe4 16. dxe4 Bb4 17. e5 Ne8 18. Rf1 Nc5 19. Ne1 Rd8 20. Bc1 Nc7 21. Bf3 Bc3 22. Ng2 Bd3 23. Qe3 Bxf1 24. Qxc3 Bxg2 25. Bxg2 Rd3 26. Qc2 Rfd8 27. Bf1 R3d7 28. Be2 N7a6 29. Nf3 Nb4 30. Rxd7 Nxc2 31. Rxd8+ Qxd8 0-1


[Site "https://www.chess.com"]

[Event "Titled Tuesday Blitz November 14 Early 2023"]
[White "Buchenau, Frank"]
[Black "Samarth J Rao"]
[WhiteFideId "4604350"]
[BlackFideId "46652370"]
[WhiteElo "2446"]
[BlackElo "2035"]
[Result "0-1"]
[Round "2"]
[TimeControl "180+1"]
[Date "2023.11.14"]
[WhiteClock "0:00:57"]
[BlackClock "0:01:42"]
[Board "233"]

1. e4 c5 2. Nf3 e6 3. d4 cxd4 4. Nxd4 a6 5. Bd3 Qc7 6. O-O Nc6 7. Be3 Nf6 8. Nxc6 dxc6 9. Nd2 e5 10. Nc4 b5 11. Nb6 Rb8 12. Nxc8 Rxc8 13. a4 Qb7 14. axb5 cxb5 15. f4 Bc5 16. Bxc5 Rxc5 17. Qf3 O-O 18. f5 Qb6 19. Kh1 Rc7 20. g4 Nd7 21. g5 Nc5 22. f6 Ne6 23. fxg7 Nxg7 24. Qf6 Rc6 25. Qxe5 Re6 26. Qf5 Nxf5 0-1


[Site "https://www.chess.com"]

[Event "Titled Tuesday Blitz November 14 Early 2023"]
[White "Dominguez Rincon, Miller Duvan"]
[Black "szachmistrz2500"]
[WhiteFideId "4406583"]
[WhiteElo "2034"]
[BlackElo "2445"]
[Result "0-1"]
[Round "2"]
[TimeControl "180+1"]
[Date "2023.11.14"]
[WhiteClock "0:00:00"]
[BlackClock "0:00:05"]
[Board "234"]

1. e4 c5 2. Nf3 d6 3. d4 cxd4 4. Nxd4 Nf6 5. Nc3 a6 6. Bg5 e6 7. f4 h6 8. Bh4 Be7 9. Qf3 Qc7 10. O-O-O Nbd7 11. Bd3 g5 12. fxg5 Ne5 13. Qe2 Nfg4 14. h3 hxg5 15. Bg3 Nf6 16. Rhf1 Bd7 17. Kb1 b5 18. Qe3 Qb6 19. Bf2 g4 20. Qg3 Qc7 21. h4 b4 22. Nce2 Nh5 23. Qe3 a5 24. g3 a4 25. Nf4 a3 26. b3 Qc3 27. Qc1 Bf6 28. Nfe2 Qc7 29. Be3 Bg7 30. Qd2 Rb8 31. Rc1 Nc6 32. c3 bxc3 33. Rxc3 Qb7 34. Rfc1 Nb4 35. Rc4 Nxd3 36. Qxd3 Nf6 37. Nc3 O-O 38. Bf2 e5 39. Nf5 Bxf5 40. exf5 d5 41. Rc5 e4 42. Qd2 Rfe8 43. Bd4 Nd7 44. Bxg7 Nxc5 45. Qh6 f6 46. Qh8+ Kf7 47. Qh7 Ke7 48. Bh6+ Kd6 49. Qg6 Nd7 50. Rd1 Re5 51. Bf4 Qb4 52. Rxd5+ Kc6 53. Rxe5 Qxc3 54. Bc1 Qd3+ 55. Ka1 Qd4+ 56. Kb1 Qxe5 0-1


[Site "https://www.chess.com"]

[Event "Titled Tuesday Blitz November 14 Early 2023"]
[White "taleslascando"]
[Black "Fernandez, Michael"]
[BlackFideId "5803560"]
[WhiteElo "2011"]
[BlackElo "2444"]
[Result "0-1"]
[Round "2"]
[TimeControl "180+1"]
[Date "2023.11.14"]
[WhiteClock "0:00:00"]
[BlackClock "0:00:30"]
[Board "235"]

1. e4 c6 2. d4 d5 3. exd5 cxd5 4. Bd3 Nc6 5. c3 g6 6. Bf4 Bf5 7. Bxf5 gxf5 8. Nf3 e6 9. Qb3 Qb6 10. Qxb6 axb6 11. a3 b5 12. O-O Kd7 13. Nbd2 Bd6 14. Bxd6 Kxd6 15. Nb3 b6 16. Rfe1 Nge7 17. Ne5 Rhf8 18. Nd2 Nxe5 19. Rxe5 Nc6 20. Re3 b4 21. cxb4 Nxd4 22. Rc1 Rfc8 23. Rxc8 Rxc8 24. g3 Rc2 25. Nf3 f4 26. Nxd4 Rc1+ 27. Kg2 fxe3 28. fxe3 e5 29. Nf5+ Ke6 30. g4 Rc2+ 31. Kf3 Rxb2 32. h4 h5 33. gxh5 Kxf5 0-1


[Site "https://www.chess.com"]

[Event "Titled Tuesday Blitz November 14 Early 2023"]
[White "Friedland, Moshe"]
[Black "Perez Cruz, Adianet"]
[WhiteFideId "2812843"]
[BlackFideId "3510115"]
[WhiteElo "2443"]
[BlackElo "2002"]
[Result "1/2-1/2"]
[Round "2"]
[TimeControl "180+1"]
[Date "2023.11.14"]
[WhiteClock "0:00:04"]
[BlackClock "0:00:42"]
[Board "236"]

1. e4 c6 2. d4 d5 3. Nc3 dxe4 4. Nxe4 Nf6 5. Nxf6+ gxf6 6. c3 Bf5 7. Nf3 Nd7 8. g3 Be4 9. Bg2 e6 10. O-O Nb6 11. a4 a5 12. Bf4 Bd6 13. Bxd6 Qxd6 14. Qb3 Qc7 15. c4 h5 16. Rfe1 f5 17. Ne5 Bxg2 18. Kxg2 O-O-O 19. Nxf7 Qxf7 20. Qxb6 h4 21. h3 hxg3 22. fxg3 Qh5 23. h4 f4 24. Qc5 Qxc5 25. dxc5 fxg3 26. Kxg3 Rd3+ 27. Kg4 Rd4+ 28. Kg3 Rxc4 29. Rxe6 Rxc5 30. Rf1 Rc4 31. Ref6 Rg8+ 32. Kh3 Rgg4 33. Rf8+ Kc7 34. h5 Rh4+ 35. Kg3 Rxh5 36. R1f7+ Kb6 37. Rb8 Rg5+ 38. Kf3 Kc5 39. Rfxb7 Rf5+ 40. Kg3 Rxa4 41. Rb3 Rd5 42. Rc3+ Kd4 43. Rc8 Ra2 44. R8xc6 Rxb2 45. R6c4+ Ke5 46. Re3+ Kd6 47. Rce4 Rb4 48. Re6+ Kc5 49. Rc3+ Rc4 50. Ra3 a4 51. Ra6 Rdd4 52. Ra5+ Kb6 53. Ra8 Rb4 54. Ra2 Rd3+ 55. Kf2 Kb5 56. Rb8+ Kc4 57. Ra8 Kb3 58. Re2 Rc3 59. Re1 Rc2+ 60. Kf3 a3 61. Re3+ Rc3 62. Rxc3+ Kxc3 63. Rxa3+ Kc4 64. Re3 Rb3 65. Rxb3 Kxb3 1/2-1/2


[Site "https://www.chess.com"]

[Event "Titled Tuesday Blitz November 14 Early 2023"]
[White "Jesseinkman"]
[Black "Castillo Pena, Patricia Evarista"]
[BlackFideId "6412106"]
[WhiteElo "2440"]
[BlackElo "1999"]
[Result "1-0"]
[Round "2"]
[TimeControl "180+1"]
[Date "2023.11.14"]
[WhiteClock "0:01:20"]
[BlackClock "0:00:00"]
[Board "237"]

1. e4 c5 2. Nf3 d6 3. d4 cxd4 4. Nxd4 Nf6 5. Nc3 a6 6. f3 e5 7. Nb3 Be7 8. Be3 Be6 9. Qd2 Nbd7 10. g4 b5 11. g5 b4 12. Ne2 Nh5 13. Ng3 Nxg3 14. hxg3 a5 15. f4 a4 16. Nc1 exf4 17. gxf4 Qc7 18. Nd3 Bc4 19. Nxb4 Bxf1 20. Rxf1 a3 21. Nd5 Qb7 22. b3 Rc8 23. Nxe7 Kxe7 24. O-O-O Qc6 25. c4 Rhe8 26. Qd5 Qa6 27. e5 Kf8 28. Qxd6+ Qxd6 29. Rxd6 Nxe5 30. fxe5 Rxe5 31. Kd2 Rce8 32. Rd3 g6 33. c5 Rc8 34. b4 Re4 35. Rxa3 Rxb4 36. Ra7 Rb2+ 37. Kc3 Re2 38. Rfxf7+ 1-0


[Site "https://www.chess.com"]

[Event "Titled Tuesday Blitz November 14 Early 2023"]
[White "Joie, Sebastien"]
[Black "IsaqueGoncalvesSanto"]
[WhiteFideId "650420"]
[WhiteElo "2439"]
[BlackElo "1882"]
[Result "1-0"]
[Round "2"]
[TimeControl "180+1"]
[Date "2023.11.14"]
[WhiteClock "0:00:26"]
[BlackClock "0:00:18"]
[Board "238"]

1. d4 d5 2. c4 e6 3. Nc3 Nf6 4. Nf3 c6 5. e3 Bd6 6. Bd3 O-O 7. O-O dxc4 8. Bxc4 b5 9. Bd3 a6 10. e4 Bb4 11. e5 Nd5 12. Nxd5 exd5 13. Bxh7+ Kxh7 14. Ng5+ Kg8 15. Qd3 g6 16. e6 f5 17. h4 Qf6 18. Bf4 Bxe6 19. a3 Ba5 20. Be5 Qe7 21. b4 Bb6 22. Rfe1 Nd7 23. Bd6 Qf6 24. Rxe6 Qxd4 25. Qxd4 Bxd4 26. Rd1 Bf6 27. Bxf8 Rxf8 28. Rxc6 Nb8 29. Rb6 d4 30. Ne6 Re8 31. Nf4 Kf7 32. Nd5 Bg7 33. Rb7+ Ke6 34. Nc7+ Kd7 35. Nxe8+ Kxe8 36. Rxg7 1-0


[Site "https://www.chess.com"]

[Event "Titled Tuesday Blitz November 14 Early 2023"]
[White "Vargas, Mauricio"]
[Black "Foisor, Sabina-Francesca"]
[WhiteFideId "4404572"]
[BlackFideId "1212915"]
[WhiteElo "1865"]
[BlackElo "2437"]
[Result "0-1"]
[Round "2"]
[TimeControl "180+1"]
[Date "2023.11.14"]
[WhiteClock "0:00:03"]
[BlackClock "0:00:41"]
[Board "239"]

1. e4 c6 2. Nc3 d5 3. d3 g6 4. f4 Bg7 5. Nge2 d4 6. Nb1 c5 7. Nd2 Nc6 8. Nf3 Bg4 9. Ng3 e5 10. f5 gxf5 11. Nxf5 Bxf5 12. exf5 Nge7 13. Qe2 Nxf5 14. Bg5 Qd5 15. a3 f6 16. Bd2 O-O-O 17. b3 Rhe8 18. O-O-O e4 19. dxe4 Rxe4 20. Qf2 Ne3 21. Bxe3 Rxe3 22. Qxe3 dxe3 23. Rxd5 Rxd5 24. Bc4 Rd8 25. Re1 f5 26. Be6+ Kc7 27. Bxf5 Nd4 28. Nxd4 Bxd4 29. Bxh7 Bc3 30. Re2 Rf8 31. Rxe3 Rf1+ 32. Re1 Rxe1# 0-1


[Site "https://www.chess.com"]

[Event "Titled Tuesday Blitz November 14 Early 2023"]
[White "ATM622"]
[Black "Babayeva, Nasrin"]
[BlackFideId "13416626"]
[WhiteElo "2435"]
[BlackElo "1821"]
[Result "1-0"]
[Round "2"]
[TimeControl "180+1"]
[Date "2023.11.14"]
[WhiteClock "0:02:10"]
[BlackClock "0:00:52"]
[Board "240"]

1. d4 d6 2. c4 e5 3. dxe5 dxe5 4. Qxd8+ Kxd8 5. Nf3 f6 6. Nc3 Be6 7. e4 c6 8. Be3 Kc7 9. O-O-O Bb4 10. Kc2 Nd7 11. a3 Bxc3 12. Kxc3 a5 13. Be2 Ne7 14. Rd2 Rad8 15. Rhd1 g5 16. Ne1 Ng6 17. Rd6 Rhe8 18. Bh5 Bf7 19. Bg4 Re7 20. Bxd7 Rexd7 21. Bb6+ Kxb6 22. Rxd7 Rxd7 23. Rxd7 Be6 24. Rxh7 Nf4 25. b4 axb4+ 26. axb4 Ne2+ 27. Kd2 Bxc4 28. Nd3 Nd4 29. Nc5 Nb3+ 30. Nxb3 Bxb3 31. Kc3 Ba2 32. Rh6 Bb1 33. f3 f5 34. exf5 Bxf5 35. Rh5 1-0


[Site "https://www.chess.com"]

[Event "Titled Tuesday Blitz November 14 Early 2023"]
[White "Villafane Gomez, Jaime"]
[Black "Mazurkiewicz, Michal"]
[WhiteFideId "4426517"]
[BlackFideId "1124943"]
[WhiteElo "1741"]
[BlackElo "2435"]
[Result "0-1"]
[Round "2"]
[TimeControl "180+1"]
[Date "2023.11.14"]
[WhiteClock "0:00:10"]
[BlackClock "0:01:11"]
[Board "241"]

1. e4 d6 2. d4 Nf6 3. Nc3 c6 4. f4 Qb6 5. Nf3 Bg4 6. Be2 e6 7. e5 Nd5 8. Nxd5 cxd5 9. c3 Nc6 10. Ng5 Bxe2 11. Qxe2 Be7 12. O-O Bxg5 13. fxg5 dxe5 14. Qf2 O-O 15. Be3 exd4 16. cxd4 Nb4 17. a3 Nc6 18. b4 Ne7 19. g4 Rac8 20. Rac1 Rxc1 21. Bxc1 Nc6 22. Be3 a5 23. bxa5 Nxa5 24. h4 Nc4 25. Bc1 Qb3 26. Kh2 Nd6 27. h5 Ne4 28. Qf4 f6 29. g6 Rc8 30. Rf3 Rc2+ 31. Kh3 Ng5+ 32. Kg3 Qxf3+ 33. Qxf3 Nxf3 34. Bf4 Nxd4 0-1


[Site "https://www.chess.com"]

[Event "Titled Tuesday Blitz November 14 Early 2023"]
[White "Dragun, Kamil"]
[Black "Nakamura, Hikaru"]
[WhiteFideId "1134167"]
[BlackFideId "2016192"]
[WhiteElo "2815"]
[BlackElo "3329"]
[Result "0-1"]
[Round "3"]
[TimeControl "180+1"]
[Date "2023.11.14"]
[WhiteClock "0:00:00"]
[BlackClock "0:00:20"]
[Board "1"]

1. d4 a6 2. c4 b5 3. e4 Bb7 4. Qc2 bxc4 5. Bxc4 e6 6. Nf3 Nf6 7. Nc3 Bb4 8. Bd3 d5 9. Qa4+ Bc6 10. Qxb4 dxe4 11. Nxe4 Nxe4 12. O-O Nd6 13. Ne5 O-O 14. Bf4 Bd5 15. Rac1 f6 16. Nc4 Nc6 17. Qa4 Nxc4 18. Bxc4 Nxd4 19. Bxd5 Qxd5 20. Rxc7 Rac8 21. Rxc8 Rxc8 22. Be3 Ne2+ 23. Kh1 Qb5 24. Qxb5 axb5 25. a3 Rc2 26. Rb1 e5 27. g3 f5 28. Kg2 f4 29. gxf4 exf4 30. Bb6 g5 31. Kf3 Kf7 32. h3 Kg6 33. Re1 Nc1 34. Re6+ Kf5 35. Re7 h5 36. Rf7+ Kg6 37. Rc7 Rxc7 38. Bxc7 Kf5 39. Bb8 g4+ 40. hxg4+ hxg4+ 41. Kg2 f3+ 42. Kf1 Ke4 43. Ba7 Kd3 44. Ke1 Kc2 45. b4 Nd3+ 46. Kf1 Kb3 47. Kg1 Nf4 48. Kh2 Ne2 49. Bc5 Kxa3 50. Bd6 Kb3 51. Bc5 Kc4 52. Bd6 Kd3 53. Bc5 Kd2 54. Bd6 Ke1 55. Bc5 Kf1 56. Bb6 Nc1 57. Kg3 Nd3 58. Bc5 Ke2 59. Bd4 Nxb4 60. Kxg4 Nd3 61. Kg3 b4 0-1


[Site "https://www.chess.com"]